AoeStats
← Bruno

Lombardia

509693714Analyzed
2v2 RM · 4d ago on Sep 27, 2026· 21m 48s· 4 players
Game mode
Random Map
Map size
Medium (4 player)
Population
200
Speed
Normal
Resources
Standard
Victory
Conquest
Starting age
Dark Age
Ending age
Imperial Age
RankedLock teamsTeams togetherTeam positionsShared explorationLock speedFull tech treeHidden civsTurbo modeCheats
Victory
Defeat
🇧🇷 Bulgarians · Brazil
981
+14
🇧🇷 Magyars · Brazil
971
+14
🇬🇷 Japanese · Greece
942
-38
🇮🇳 Huns · India
924
-14
StudbooSenpai
0:40 Loom
11:31 Feudal Age
12:00 Horse Collar
13:42 Wheelbarrow
18:47 Castle Age
18:25 Forging
18:21 Scale Barding Armor
20:05 Iron Casting
20:10 Bloodlines
20:52 Husbandry
22:26 Chain Barding Armor
thodorisloukakis
11:37 Feudal Age
13:27 Horse Collar
13:35 Double-Bit Axe
Bruno
8:47 Loom
10:59 Feudal Age
12:00 Double-Bit Axe
11:56 Horse Collar
16:46 Gold Mining
17:54 Forging
17:44 Scale Mail Armor
21:58 Arson
NiicKeD
7:13 Loom
9:42 Feudal Age
10:13 Double-Bit Axe
12:23 Horse Collar
21:15 Castle Age
21:12 Bloodlines
21:09 Scale Barding Armor
22:25 Husbandry
Connection lost

Rejoining the realm…

Still unreachable

The connection could not be restored.

Session expired

The server has moved on; the page needs a fresh start.